 Dungeon Crawl Stone Soup version 0.21.0 (webtiles) character file.

3395 HungrySpirit the Cutter (level 9, 0/50 HPs)
             Began as a Deep Elf Artificer on Jan 7, 2018.
             Was a Follower of Vehumet.
             Slain by a gargoyle
             ... wielding a +0 flail
              (16 damage)
             ... on level 7 of the Dungeon.
             The game lasted 00:28:44 (10291 turns).

HungrySpirit the Cutter (Deep Elf Artificer)       Turns: 10291, Time: 00:28:45

Health: 0/50       AC:  5    Str:  9    XL:     9   Next: 75%
Magic:  6/20       EV: 15    Int: 20    God:    Vehumet [*.....]
Gold:   351        SH:  0    Dex: 15    Spells: 11/21 levels left

rFire    . . .     SeeInvis +   l - +3 dagger (venom)
rCold    . . .     Gourm    .   (no shield)
rNeg     . . .     Faith    .   D - +0 robe (curse)
rPois    +         Spirit   .   h - +2 hat
rElec    .         Reflect  .   (no cloak)
rCorr    .         Harm     .   (no gloves)
MR       .....                  k - +0 pair of boots
Stlth    ++........             (no amulet)
HPRegen  0.16/turn              i - ring of see invisible
MPRegen  0.17/turn              (no ring)

@: very slightly contaminated
A: blurry vision 1, deterioration 1, poison resistance, sturdy frame 1
a: Renounce Religion


You were on level 7 of the Dungeon.
You worshipped Vehumet.
Vehumet was aware of your devotion.
You were not hungry.

You visited 2 branches of the dungeon, and saw 8 of its levels.

You collected 351 gold pieces.

Inventory:

Hand Weapons
 l - a +3 dagger of venom (weapon)
Missiles
 w - 8 javelins (quivered)
Armour
 b - a +0 leather armour
 h - a +2 hat (worn)
 k - a +0 pair of boots (worn)
 C - a +0 buckler
 D - a cursed +0 robe (worn)
 E - the +3 buckler of Duty {Int+4 Dex+3 Stlth-, unknown}
   (You found it on level 7 of the Dungeon)

   It affects your intelligence (+4).
   It affects your dexterity (+3).
   It makes you less stealthy.
Jewellery
 c - an uncursed ring of ice {unknown}
 i - a ring of see invisible (left hand)
 n - an uncursed ring of positive energy {unknown}
 s - an uncursed amulet of the gourmand {unknown}
 u - a cursed amulet of inaccuracy {unknown}
 v - a cursed amulet of inaccuracy {unknown}
Wands
 A - a wand of flame (32)
Scrolls
 a - 3 scrolls of immolation
 g - 6 scrolls of amnesia
 m - 2 scrolls of teleportation
 z - 2 scrolls of identify
 B - a scroll of enchant armour {unknown}
Potions
 d - a potion of cancellation {unknown}
 j - 3 potions of flight {unknown}
 o - a potion of ambrosia {unknown}
 p - 2 potions of might
 q - a potion of haste {unknown}
 r - a potion of heal wounds
 x - a potion of agility {unknown}
Books
 e - a book of Misfortune

   Spells                             Type                      Level
   a - Confusing Touch                Hexes                        1
   b - Confuse                        Hexes                        3
   c - Gell's Gravitas                Translocation                3
   d - Petrify                        Transmutation/Earth          4
   e - Metabolic Englaciation         Hexes/Ice                    5
   f - Yara's Violent Unravelling     Hexes/Transmutation          5
 y - a book of Conjurations

   Spells                             Type                      Level
   a - Magic Dart                     Conjuration                  1
   b - Searing Ray                    Conjuration                  2
   c - Dazzling Spray                 Conjuration/Hexes            3
   d - Fulminant Prism                Conjuration/Hexes            4
   e - Force Lance                    Conjuration/Translocation    4
   f - Iskenderun's Mystic Blast      Conjuration                  4
Comestibles
 f - 6 rations


   Skills:
 - Level 3.1 Fighting
 + Level 7.8 Short Blades
 - Level 5.0 Dodging
 - Level 1.2 Stealth
 + Level 6.6 Spellcasting
 * Level 7.3 Conjurations
 + Level 7.1 Hexes
 - Level 3.2 Evocations


You had 11 spell levels left.
You knew the following spells:

 Your Spells              Type           Power        Failure   Level  Hunger
a - Confuse               Hex            #####...     1%          3    #......
b - Magic Dart            Conj           ####         1%          1    None
c - Fulminant Prism       Conj/Hex       #####.....   4%          4    ###....
d - Searing Ray           Conj           #####.       1%          2    None


Dungeon Overview and Level Annotations

Branches:
Dungeon (7/15)             Temple (1/1) D:6

Altars:
Dithmenos
Elyvilon
Gozag
Hepliaklqana
Makhleb
Nemelex Xobeh
Okawaru
Trog
Uskayaw
Vehumet
Wu Jian
Xom
Yredelemnul
Zin
The Shining One

Annotations:
D:4 1 transporter


Innate Abilities, Weirdness & Mutations

Scrolls take you a little longer to read.
Your body sometimes deteriorates upon taking damage.
Your system is resistant to poisons. (rPois)
Your movements are slightly less encumbered by armour. (ER -2)


Message History

You hit the gargoyle but do no damage.
The gargoyle is almost destroyed.
You hit the gargoyle but do no damage.
The gargoyle is almost destroyed.
You hit the gargoyle but do no damage.
The gargoyle is almost destroyed.
You barely miss the gargoyle.
The gargoyle is almost destroyed.
The gargoyle barely misses you.
You hit the gargoyle but do no damage.
The gargoyle is almost destroyed.
You hit the gargoyle but do no damage.
The gargoyle is almost destroyed.
The gargoyle barely misses you.
You hit the gargoyle.
The gargoyle is almost destroyed.
You hit the gargoyle but do no damage.
The gargoyle is almost destroyed.
The gargoyle hits you with a flail!
You die...

#...##...##....##
##.###8...8###...# #..#
##...##8#...## ###
#.###+.....'###..>#### ..# #.#
#.......#9#...##.# ..#
#.##+.......+##...##.# ..#
#.##....8....##......# ..##
#.##+.......'##......# ...# #.#
#9@.....#8#...#### ...##
#.###+.....'###...#.# ....##
#..# ##+.'##?#....#.###
##>..### ##.###
###)###....#...# ##....###
#...#######....#.#.#.#
#.##...#####..............#.#.#
#.####...###..........#.###.#.#
#..# ###...#.#...######.# #....
####.#######...#...# #.# ###..


You could see a gargoyle (confused).

Vanquished Creatures
  Pikel (D:4)
  A gargoyle (D:7)
  A hippogriff (D:7)
  Sigmund (D:3)
  Duvessa (D:4)
  An ice beast (D:6)
  4 slaves (D:4)
  2 phantoms
  2 sky beasts
  2 ogres
  2 necrophages
  2 centaurs
  2 bullfrogs
  Dowan (D:4)
  A scorpion (D:5)
  3 killer bees
  2 howler monkeys (D:4)
  2 crimson imps
  9 hounds
  A centaur skeleton (D:4)
  4 orc wizards
  An iguana (D:3)
  3 worker ants
  A killer bee zombie (D:5)
  A hound zombie (D:5)
  A hound skeleton (D:5)
  Robin (D:4)
  7 gnolls
  3 adders
  An ooze (D:5)
  2 adder zombies
  2 adder skeletons
  3 worms (D:2)
  2 dart slugs (D:2)
  2 leopard geckos
  16 orcs
  9 bats
  3 giant cockroaches
  11 goblins
  10 hobgoblins
  4 jackals (D:7)
  4 quokkas
  5 frilled lizards
  A giant cockroach zombie (D:5)
  A jackal skeleton (D:7)
  5 kobolds
  A leopard gecko zombie (D:4)
  4 quokka zombies
  5 rats
154 creatures vanquished.

Vanquished Creatures (collateral kills)
  A jelly (D:5)
  An orc priest (D:4)
2 creatures vanquished.

Vanquished Creatures (others)
  A goblin (D:4)
  A fulminant prism (D:7)
2 creatures vanquished.

Grand Total: 158 creatures vanquished

Notes
Turn   | Place    | Note
-------+----------+-------------------------------------------
     0 | D:1      | HungrySpirit the Deep Elf Artificer began the quest for the Orb.
     0 | D:1      | Reached XP level 1. HP: 11/11 MP: 5/5
   424 | D:1      | Reached skill level 1 in Fighting
   532 | D:1      | Reached XP level 2. HP: 16/16 MP: 6/6
  1402 | D:2      | Found a bloodstained altar of Trog.
  1414 | D:2      | Reached XP level 3. HP: 18/20 MP: 7/7
  1459 | D:2      | Reached XP level 4. HP: 25/25 MP: 8/8
  2245 | D:3      | Noticed Sigmund
  2258 | D:3      | Killed Sigmund
  2258 | D:3      | Reached XP level 5. HP: 31/31 MP: 9/9
  2258 | D:3      | Reached XP level 6. HP: 36/36 MP: 10/10
  2708 | D:4      | Found a transporter.
  2732 | D:4      | Noticed a slave
  3339 | D:4      | Reached skill level 5 in Short Blades
  3548 | D:4      | Noticed a slave
  3549 | D:4      | Noticed Pikel
  3607 | D:4      | Noticed Duvessa
  3607 | D:4      | Noticed Dowan
  3618 | D:5      | Entered Level 5 of the Dungeon
  3647 | D:5      | Noticed a sky beast
  3653 | D:5      | Killed a sky beast
  3653 | D:5      | Reached skill level 5 in Dodging
  3653 | D:5      | Reached XP level 7. HP: 41/41 MP: 11/11
  3687 | D:5      | Learned a level 3 spell: Confuse
  3753 | D:5      | Reached skill level 1 in Spellcasting
  3753 | D:5      | Reached skill level 1 in Hexes
  4078 | D:5      | Found an ornate altar of the Wu Jian Council.
  5275 | D:4      | Found a hazy altar of Hepliaklqana.
  5276 | D:4      | Found a shimmering altar of Xom.
  5277 | D:4      | Noticed a spectral ugly thing
  5410 | D:4      | Found a transporter.
  5447 | D:4      | Found a shadowy altar of Dithmenos.
  5502 | D:4      | Learned a level 1 spell: Magic Dart
  5668 | D:4      | Killed Duvessa
  5668 | D:4      | Reached skill level 1 in Conjurations
  5668 | D:4      | Reached XP level 8. HP: 14/45 MP: 1/14
  5670 | D:4      | Killed Dowan
  6177 | D:4      | Noticed Robin
  6265 | D:4      | Killed Robin
  6549 | D:4      | Killed Pikel
  6549 | D:4      | Reached skill level 5 in Hexes
  6937 | D:6      | Learned a level 4 spell: Fulminant Prism
  6939 | D:6      | Found the ominously black robe
  7098 | D:6      | Got an ominously black robe
  7109 | D:6      | Identified the cursed -5 robe of Misfortune {-Cast *Contam *Tele *Drain EV-5 Stlth-- *Curse} (You found it on level 6 of the Dungeon)
  7141 | D:6      | Gained mutation: You are frail. (-10% HP) [mutagenic glow]
  7316 | D:6      | Lost mutation: You are frail. (-10% HP) [potion of mutation]
  7316 | D:6      | Gained mutation: Your body sometimes deteriorates upon taking damage. [potion of mutation]
  7316 | D:6      | Gained mutation: Your system is resistant to poisons. (rPois) [potion of mutation]
  7316 | D:6      | Gained mutation: Scrolls take you a little longer to read. [potion of mutation]
  7316 | D:6      | Gained mutation: Your movements are slightly less encumbered by armour. (ER -2) [potion of mutation]
  7458 | D:6      | Reached skill level 5 in Conjurations
  7656 | D:6      | Reached XP level 9. HP: 45/50 MP: 18/18
  7810 | D:6      | Reached skill level 5 in Spellcasting
  7896 | D:6      | Found a burning altar of Makhleb.
  8119 | D:6      | Found an iron altar of Okawaru.
  8872 | D:6      | Found a staircase to the Ecumenical Temple.
  8878 | Temple   | Entered the Ecumenical Temple
  8917 | Temple   | Became a worshipper of Vehumet
  9243 | D:6      | Learned a level 2 spell: Searing Ray
  9555 | D:7      | Found a glowing golden altar of the Shining One.
  9611 | D:7      | Found a sparkling altar of Nemelex Xobeh.
  9751 | D:7      | Found a glowing silver altar of Zin.
 10063 | D:7      | Reached * piety under Vehumet
 10063 | D:7      | Offered knowledge of Freeze by Vehumet.
 10222 | D:7      | Noticed a gargoyle
 10227 | D:7      | Noticed a gargoyle
 10231 | D:7      | Noticed a gargoyle
 10239 | D:7      | Killed a gargoyle
 10241 | D:7      | Got a jewelled buckler
 10291 | D:7      | Slain by a gargoyle

Skill      XL: |  1  2  3  4  5  6  7  8  9 |
---------------+----------------------------+-----
Fighting       | 1 2 3 |  3.1
Short Blades   | 2 4 5 6 7 |  7.8
Dodging        | 3 4 5 |  5.0
Spellcasting   | 2 4 6 |  6.6
Hexes          | 3 5 7 |  7.1
Conjurations   | 1 5 7 |  7.3
Stealth        | |  1.2
Evocations     | |  3.2

Action                   |  1- 3 |  4- 6 |  7- 9 || total
-------------------------+-------+-------+-------++-------
Melee: Short sword       |    26 |       |       ||    26
       Dagger            |    28 |    87 |   520 ||   635
 Cast: Confuse           |       |       |    56 ||    56
       Magic Dart        |       |       |    17 ||    17
       Fulminant Prism   |       |       |     1 ||     1
Evoke: Wand              |    16 |    17 |    37 ||    70
  Use: Scroll            |       |     7 |     5 ||    12
       Potion            |       |       |     5 ||     5
 Stab: Sleeping          |     2 |     2 |     2 ||     6
       Distracted        |       |     1 |     2 ||     3
       Paralysed         |       |     2 |       ||     2
       Confused          |       |       |    19 ||    19
  Eat: Chunk             |     1 |     7 |    18 ||    26
       Ration            |       |       |     2 ||     2
Armor: Leather armour    |    14 |    15 |   123 ||   152
       Robe              |       |       |     1 ||     1
Dodge: Dodged            |    26 |    57 |   328 ||   411
